 Dungeon Crawl Stone Soup version 0.31-a0-214-gb37851dbb3 (webtiles) character file.

Game seed: 13297648250029554423

188358 Brandom the Markself (level 17, -10/112 HPs)
             Began as a Deep Elf Hexslinger on July 1, 2023.
             Was an Elder of Okawaru.
             Mangled by a deep elf blademaster
             ... wielding a +0 rapier
              (12 damage)
             ... on level 3 of the Elven Halls on July 2, 2023.
             The game lasted 03:12:28 (35322 turns).

Brandom the Markself (Deep Elf Hexslinger)         Turns: 35322, Time: 03:12:28

Health: -10/112    AC: 18    Str:  8    XL:     17   Next: 91%
Magic:  17/29      EV: 36    Int: 34    God:    Okawaru [****..]
Gold:   3232       SH:  5    Dex: 25    Spells: 4/30 levels left

rFire   + + .        K - +3 orcbow (heavy)
rCold   + . .        (shield currently unavailable)
rNeg    + + .        m - +7 toga "Victory" {*Victory Int+7 Slay+7 Clar}
rPois   .            O - +1 hat
rElec   .            I - scarf {rC+ rF+}
rCorr   .            N - +2 pair of gloves {Str+3}
SInv    .            T - +2 pair of boots of Bytyoqa {rN+ Str-3 Dex+2}
Will    +....        J - amulet of reflection
Stlth   +++++++++    t - ring "Omyfu" {rF+ rN+ Str+3 Int+6}
HPRegen 0.38/turn    U - +5 ring of evasion
MPRegen 0.21/turn

%: reflection, clarity
@: heroic, finesse-ful, very slightly contaminated
A: no striking features
a: Renounce Religion, Heroism, Finesse


You were on level 3 of the Elven Halls.
You worshipped Okawaru.
Okawaru was greatly pleased with you.
You visited 5 branches of the dungeon, and saw 26 of its levels.
You visited the Abyss 1 time.
You also visited: Bailey, Ice Cave and Volcano.

You collected 3446 gold pieces.
You spent 214 gold pieces at shops.

Inventory:

Hand Weapons
 B - a +0 triple crossbow of flaming
   (Okawaru gifted it to you in an ice cave)
 K - a +3 heavy orcbow (weapon)
   (You found it on level 4 of the Dungeon)
Missiles
 X - a throwing net {!f}
Armour
 a - a scarf of repulsion
   (You found it on level 6 of the Dungeon)
 m - the +7 toga "Victory" (worn) {*Victory Int+7 Slay+7 Clar}
   (You found it on level 8 of the Dungeon)

   *Victory:  When the wearer kills a threatening monster, it has a chance to
   gain +1 AC, +1 Slay, and +1 Int, capping at +7.
   When the wearer uses a scroll or a potion with a hostile monster in sight,
   its bonuses reset to +0.
   Unequipping it also resets its bonuses to +0.
   Int:       It affects your intelligence (+7).
   Slay:      It affects your accuracy & damage with ranged weapons and melee
   (+7).
   Clar:      It protects you from confusion, rage, mesmerisation and fear.
 w - the +5 ring mail of the Trilobite {Rampage rF++ Str-3 Int+3}
   (Okawaru gifted it to you on level 1 of the Elven Halls)

   Str:       It affects your strength (-3).
   Int:       It affects your intelligence (+3).
   rF:        It greatly protects you from fire.
   Rampage:   It bestows one free step when moving towards enemies.
 A - a +1 pair of boots of flying
   (Okawaru gifted it to you on level 5 of the Lair of Beasts)
 I - a scarf of resistance (worn)
   (You found it on level 8 of the Dungeon)
 N - a +2 pair of gloves of strength (worn)
   (You found it in a bailey)
 O - a +1 hat (worn)
   (You found it on level 3 of the Lair of Beasts)
 T - the +2 pair of boots of Bytyoqa (worn) {rN+ Str-3 Dex+2}
   (Okawaru gifted it to you on level 13 of the Dungeon)

   Str:       It affects your strength (-3).
   Dex:       It affects your dexterity (+2).
   rN:        It protects you from negative energy.
Jewellery
 c - a ring of ice
   (You found it on level 2 of the Lair of Beasts)
 e - a +4 ring of protection
   (You took it off a centaur on level 15 of the Dungeon)
 h - a +6 ring of strength
   (You found it on level 1 of the Dungeon)
 o - a ring of fire
   (You found it on level 2 of the Dungeon)
 t - the ring "Omyfu" (left hand) {rF+ rN+ Str+3 Int+6}
   (You found it on level 14 of the Dungeon)

   [ring of intelligence]

   Str:       It affects your strength (+3).
   Int:       It affects your intelligence (+6).
   rF:        It protects you from fire.
   rN:        It protects you from negative energy.
 z - a ring of resist corrosion
   (You found it on level 5 of the Lair of Beasts)
 J - an amulet of reflection (around neck)
   (You found it on level 4 of the Dungeon)
 U - a +5 ring of evasion (right hand)
   (You found it on level 4 of the Lair of Beasts)
 Y - a ring of protection from fire
   (You found it on level 4 of the Lair of Beasts)
Wands
 j - a wand of mindburst (9)
   (You found it on level 15 of the Dungeon)
 u - a wand of paralysis (6)
   (You found it on level 9 of the Dungeon)
 v - a wand of digging (5)
   (You found it on level 1 of the Elven Halls)
 x - a wand of acid (8)
   (You found it on level 1 of the Lair of Beasts)
 y - a wand of roots (16)
   (You took it off a hobgoblin on level 3 of the Dungeon)
Scrolls
 b - 6 scrolls of poison {!r}
 i - 16 scrolls of teleportation {@r4}
 k - 12 scrolls of identify {@r1}
 l - 8 scrolls of vulnerability {!r}
 p - a scroll of silence
 q - 3 scrolls of amnesia
 r - 4 scrolls of immolation {!r}
 s - 3 scrolls of revelation
 C - 2 scrolls of fear
 F - a scroll of noise {!r}
 M - 9 scrolls of enchant weapon
 S - 7 scrolls of fog
 V - 4 scrolls of blinking
 Z - 6 scrolls of enchant armour
Potions
 d - 3 potions of berserk rage
 f - 3 potions of brilliance
 g - 2 potions of resistance
 n - 14 potions of curing {@q1}
 D - a potion of cancellation
 E - 5 potions of haste {@q3}
 G - 3 potions of mutation {!q}
 L - 8 potions of heal wounds {@q2}
 P - 4 potions of magic
 Q - 3 potions of enlightenment
 R - 4 potions of invisibility
 W - 4 potions of attraction {!q}
Miscellaneous
 H - a phial of floods
   (You found it in an ice cave)


   Skills:
 * Level 14.7(19.7) Fighting
 + Level 19.5(24.5) Ranged Weapons
 + Level 7.8(12.8) Armour
 + Level 15.2(20.2) Dodging
 - Level 17.0(22.0) Stealth
 - Level 7.0 Spellcasting
 - Level 2.0 Conjurations
 - Level 12.2 Hexes
 - Level 3.0 Translocations
 - Level 2.0 Fire Magic
 - Level 2.0 Air Magic
 - Level 2.0 Poison Magic
 - Level 12.0 Invocations
 - Level 5.0 Evocations


You had 4 spell levels left.
You knew the following spells:

 Your Spells              Type           Power      Damage    Failure   Level
a - Slow                  Hex            100%       N/A       1%          1
b - Portal Projectile     Hex/Tloc       100%       N/A       1%          3
c - Inner Flame           Hex/Fire       57%        N/A       1%          3
d - Cause Fear            Hex            38%        N/A       1%          4
e - Blink                 Tloc           64%        N/A       1%          2
f - Mephitic Cloud        Conj/Pois/Air  25%        N/A       4%          3
g - Apportation           Tloc           64%        N/A       1%          1
h - Silence               Hex/Air        28%        N/A       5%          5
v - Passage of Golubria   Tloc           32%        N/A       11%         4

Your spell library contained the following spells:

 Spells                   Type           Power      Damage    Failure   Level
 Lesser Beckoning         Tloc           64%        N/A       1%          2
 Momentum Strike          Conj/Tloc      58%        3d9       1%          2
 Kiss of Death            Conj/Necr      72%        2d10      2%          1
 Poisonous Vapours        Pois/Air       50%        N/A       2%          2
 Beastly Appendage        Tmut           22%        N/A       3%          1
 Necrotise                Necr           44%        1d6       3%          1
 Cigotuvi's Dreadful Rot  Necr/Pois/Air  40%        N/A       3%          2
 Leda's Liquefaction      Hex/Erth       26%        N/A       3%          4
 Sublimation of Blood     Necr           11%        N/A       5%          2
 Wereblood                Tmut           11%        N/A       5%          2
 Spider Form              Tmut/Pois      18%        N/A       7%          3
 Ozocubu's Armour         Ice            11%        N/A       11%         3
 Vampiric Draining        Necr           11%        2d6       11%         3
 Dispel Undead            Necr           11%        3d9       34%         4
 Petrify                  Tmut/Erth      11%        N/A       34%         4
 Freezing Cloud           Conj/Ice/Air   10%        6-21      52%         5
 Irradiate                Conj/Tmut      9%         3d14      54%         5
 Blade Hands              Tmut           5%         N/A       69%         5
 Statue Form              Tmut/Erth      7%         N/A       99%         6
 Ozocubu's Refrigeration  Ice            5%         4d8       100%        7
 Lehudib's Crystal Spear  Conj/Erth      9%         10d4      100%        8
 Necromutation            Tmut/Necr      5%         N/A       100%        8
 Summon Small Mammal      Summ           Unusable   N/A       N/A         1
 Call Canine Familiar     Summ           Unusable   N/A       N/A         3
 Summon Lightning Spire   Summ/Air       Unusable   N/A       N/A         4
 Animate Armour           Summ/Erth      Unusable   N/A       N/A         4
 Malign Gateway           Summ/Tloc      Unusable   N/A       N/A         7
 Summon Horrible Things   Summ           Unusable   N/A       N/A         8

Dungeon Overview and Level Annotations

Branches:
Dungeon (15/15)            Temple (1/1) D:5            Lair (5/5) D:9
 Shoals (0/4) Lair:3       Spider (0/4) Lair:3        Slime (0/5) Lair:5
    Orc (2/2) D:12            Elf (3/3) Orc:2        Vaults (0/5) D:13
 Depths (0/4) D:15         Bailey (visited)           IceCv (visited)
Volcano (visited)

Altars:
Ashenzari
Cheibriados
Dithmenos
Elyvilon
Fedhas
Gozag
Hepliaklqana
Kikubaaqudgha
Makhleb
Nemelex Xobeh
Okawaru
Qazlal
Ru
Sif Muna
Trog
Uskayaw
Vehumet
Wu Jian
Xom
Yredelemnul
Zin
The Shining One
Jiyva

Shops:
D:1 ?   D:15 *   Orc:2 ([[[=   Elf:1 *   Elf:2 (

Portals:
Trove: D:10 (give 7 scrolls of blinking)

Annotations:
Lair:4 3 runed translucent doors, Magasuts's ghost, journeyman GnFi


Message History

Press: ? - help, Q - select action, (/) - cycle Shift-Dir - straight line, f/p - deep elf blademaster
Aim: a deep elf blademaster, wielding two +0 rapiers, wearing a +3 ring mail of poison resistance and wearing the amulet "Qiotanamma" {Reflect Int+3 SH+5} (reflecting blocked projectiles, 56% to hit)
You shoot an arrow.
The deep elf blademaster blocks the arrow with an invisible shield... and reflects it back!
The arrow completely misses you.
You feel stable enough to blink again.
You block the deep elf blademaster's attack.
The deep elf blademaster completely misses you.
The deep elf blademaster hits you with a +0 rapier!
* * * LOW HITPOINT WARNING * * *
The deep elf blademaster hits you but does no damage.
You blink.
The deep elf blademaster hits you with a +0 rapier!
* * * LOW HITPOINT WARNING * * *
The deep elf blademaster misses you.
Press: ? - help, Shift-Dir - straight line, f/p - deep elf blademaster
Aim: a deep elf blademaster, wielding two +0 rapiers, wearing a +3 ring mail of poison resistance and wearing the amulet "Qiotanamma" {Reflect Int+3 SH+5} (reflecting blocked projectiles, chance to affect: 1%)
Okay, then.
Okay, then.
Unknown command.
The deep elf blademaster barely misses you.
The deep elf blademaster completely misses you.
Unknown command.
You can now deal lightning-fast blows.
The deep elf blademaster hits you with a +0 rapier.
* * * LOW HITPOINT WARNING * * *
The deep elf blademaster hits you but does no damage.
Fire: K) +3 orcbow (heavy)
Press: ? - help, Q - select action, (/) - cycle Shift-Dir - straight line, f/p - deep elf blademaster
Aim: a deep elf blademaster, wielding two +0 rapiers, wearing a +3 ring mail of poison resistance and wearing the amulet "Qiotanamma" {Reflect Int+3 SH+5} (reflecting blocked projectiles, 56% to hit)
You shoot an arrow.
The arrow hits the deep elf blademaster!!
The deep elf blademaster hits you with a +0 rapier.
* * * LOW HITPOINT WARNING * * *
The deep elf blademaster completely misses you.
Fire: K) +3 orcbow (heavy)
Press: ? - help, Q - select action, (/) - cycle Shift-Dir - straight line, f/p - deep elf blademaster
Aim: a deep elf blademaster, wielding two +0 rapiers, wearing a +3 ring mail of poison resistance and wearing the amulet "Qiotanamma" {Reflect Int+3 SH+5} (moderately wounded, reflecting blocked projectiles, 56% to hit)
You shoot an arrow.
The arrow misses the deep elf blademaster.
You feel stable enough to blink again.
The deep elf blademaster hits you with a +0 rapier!!
* * * LOW HITPOINT WARNING * * *
The deep elf blademaster hits you but does no damage.
You miscast Blink.
You are very lightly contaminated with residual magic.
Nothing appears to happen.
The deep elf blademaster barely misses you.
The deep elf blademaster hits you with a +0 rapier!
You die...

..'...# #.....# #... ####.'##
##...## #... #.#.## ##)...# ##'..
####.## ##.##### ##.##. ###
##.#######'## ######.#### ..###
##)#.....## ##...#'## # ....#
##.......## ##.....## # ....#
#......e..###...<...# #
....#####.......@.'.'.......# #
....'...'.........###.......# #
.[..#####.........# ##.....## #
..#######.........# ##...#'#####
###)...##'.......###########'....
#.......'##.....#'##.## ##....
.........####+####'...## #.....
.........####+####.....## #.....
.........#.....##...8...# #.....


You could see a deep elf blademaster (reflecting).

Vanquished Creatures
  Rupert (Orc:1)
  Asterion (Elf:3)
  A deep elf master archer (Elf:3)
  2 tentacled starspawn (Abyss:2)
  Roxanne (D:14)
  Louise (Elf:2)
  A frost giant (IceCv)
  4 deep elf sorcerers (Elf:3)
  A lorocyproca (Abyss:2)
  A deep elf demonologist (Elf:2)
  3 deep elf annihilators
  6 starcursed masses (Abyss:2)
  Snorg (Orc:1)
  A deep elf death mage (Elf:2)
  9 hydras
  A deep elf high priest (Elf:3)
  4 centaur warriors
  A death knight (D:12)
  Erica (D:8)
  4 ogre magi
  4 boulder beetles
  2 catoblepae (Lair:5)
  13 two-headed ogres
  35 dancing weapons
  A deep troll shaman (Lair:5)
  2 tengu warriors (D:14)
  24 death yaks
  Urug (D:12)
  6 orc high priests
  Nergalle (Lair:1)
  A hell knight (Volcano)
  A soul eater (Abyss:2)
  The ghost of NigelTetley the Martial Artist, a novice OpTm of Ashenzari (D:8)
  13 deep elf knights
  A sixfirhy (Abyss:2)
  A skeletal warrior (D:15)
  A salamander mystic (Volcano)
  A spark wasp zombie (D:15)
  A flayed ghost (D:14)
  A tengu zombie (D:15)
  A lindwurm (Lair:2)
  14 deep elf archers
  A necromancer (D:15)
  35 deep elf pyromancers
  4 large abominations (Abyss:2)
  25 deep elf zephyrmancers
  2 orc knights
  5 ugly things
  A cyclops (D:13)
  5 orc sorcerers
  4 salamanders (Volcano)
  3 manticores
  A fire giant zombie (D:15)
  24 elephants
  3 oklob plants (Lair:5)
  6 black mambas
  An ice statue (IceCv)
  A torpor snail (Lair:5)
  A smoke demon (Abyss:2)
  2 gargoyles
  2 molten gargoyles (Volcano)
  An unseen horror (D:11)
  9 cane toads
  16 rime drakes
  3 ancient zymes (Abyss:2)
  2 freezing wraiths
  2 guardian mummies
  8 komodo dragons
  4 yaktaurs (D:13)
  5 trolls
  A wind drake (shapeshifter) (Elf:3)
  A hornet (D:9)
  A wind drake (Lair:3)
  17 dream sheep
  8 polar bears
  4 raiju (Abyss:2)
  6 slime creatures
  A centaur simulacrum (D:14)
  4 blink frogs (Lair:4)
  An air elemental (Elf:1)
  A shadow (D:12)
  A culicivora (shapeshifter) (Elf:2)
  4 wraiths
  A water elemental (Elf:3)
  4 vampires
  2 fire bats (Volcano)
  57 yaks
  11 wyverns
  A basilisk (shapeshifter) (Elf:3)
  8 basilisks
  2 steam dragons
  A neqoxec (Abyss:2)
  Menkaure (D:7)
  9 vampire mosquitoes
  A warg (Orc:2)
  Duvessa (D:7)
  4 acid dragons
  5 small abominations (Abyss:2)
  9 water moccasins
  A glowing shapeshifter skeleton (D:15)
  An ice beast (D:7)
  29 orc warriors
  2 black bears
  A sky beast (D:7)
  13 ogres
  3 boggarts (D:15)
  11 centaurs
  22 wolves
  3 kobold brigands
  10 bullfrogs
  2 gnoll sergeants
  3 earth elementals (Elf:2)
  4 scorpions
  7 wights
  Dowan (D:7)
  9 killer bees (D:11)
  4 electric eels
  6 vampire bats (Bailey)
  10 wolf zombies (Bailey)
  7 howler monkeys
  4 lava snakes (Volcano)
  A quasit (Abyss:2)
  4 hounds
  5 jellies
  32 orc priests
  3 iguanas
  3 iron imps (Abyss:2)
  3 sleepcaps
  Crazy Yiuf (D:2)
  20 hell rats
  29 orc wizards
  Robin (D:2)
  10 gnolls
  7 adders
  A white imp (Abyss:2)
  2 worms
  3 dart slugs
  72 orcs
  7 bats
  3 endoplasms
  2 giant cockroaches
  16 goblins
  10 hobgoblins
  7 jackals (D:2)
  18 kobolds
  4 quokkas
  7 ball pythons
  A frilled lizard (D:1)
  18 orc zombies (Bailey)
  8 rats
  A butterfly (Lair:3)
  A lurking horror (Abyss:2)
  2 starspawn tentacles (Abyss:2)
969 creatures vanquished.

Vanquished Creatures (others)
  A deep elf zephyrmancer (D:13)
  A bullfrog (Lair:3)
  An orc priest (Orc:1)
  2 starspawn tentacles (Abyss:2)
5 creatures vanquished.

Grand Total: 974 creatures vanquished

Notes
Turn   | Place    | Note
-------+----------+-------------------------------------------
     0 | D:1      | Brandom the Deep Elf Hexslinger began the quest for the
                  | Orb.
     0 | D:1      | Reached XP level 1. HP: 11/11 MP: 5/5
   107 | D:1      | Reached skill level 1 in Fighting
   107 | D:1      | Reached skill level 3 in Ranged Weapons
   107 | D:1      | Reached XP level 2. HP: 16/16 MP: 5/7
   513 | D:1      | Found Gympeh's Magic Scroll Boutique.
   518 | D:1      | Bought a scroll of teleportation for 42 gold pieces
   518 | D:1      | Bought a scroll of identify for 28 gold pieces
   540 | D:1      | Reached XP level 3. HP: 20/20 MP: 8/8
   858 | D:2      | Found a runed translucent door.
   859 | D:2      | Noticed Crazy Yiuf
   897 | D:2      | Got the Spellbook of Unspeakable Spells
  1046 | D:2      | Reached XP level 4. HP: 25/25 MP: 9/9
  1063 | D:2      | Found a faded altar of an unknown god.
  1490 | D:2      | Killed Crazy Yiuf
  1642 | D:3      | Noticed Robin
  1725 | D:3      | Reached skill level 4 in Ranged Weapons
  1751 | D:2      | Killed Robin
  1752 | D:2      | Reached skill level 5 in Hexes
  1752 | D:2      | Reached XP level 5. HP: 30/30 MP: 8/11
  1779 | D:2      | Learned a level 3 spell: Portal Projectile
  1972 | D:3      | You fall into a shaft and drop 1 floor!
  2651 | D:4      | Reached skill level 1 in Translocations
  2651 | D:4      | Reached XP level 6. HP: 27/36 MP: 12/12
  2655 | D:4      | Learned a level 3 spell: Inner Flame
  2660 | D:4      | Learned a level 4 spell: Cause Fear
  2721 | D:4      | Reached skill level 5 in Ranged Weapons
  2991 | D:5      | Entered Level 5 of the Dungeon
  3104 | D:5      | Found a staircase to the Ecumenical Temple.
  3110 | Temple   | Entered the Ecumenical Temple
  3284 | Temple   | Became a worshipper of Warmaster Okawaru
  3332 | D:5      | Reached XP level 7. HP: 40/40 MP: 14/14
  3679 | D:5      | Reached skill level 6 in Ranged Weapons
  3737 | D:5      | Reached * piety under Okawaru
  4420 | D:6      | Reached XP level 8. HP: 48/48 MP: 16/16
  4471 | D:6      | Reached skill level 5 in Dodging
  4555 | D:6      | Reached skill level 7 in Ranged Weapons
  4582 | D:6      | Reached skill level 5 in Spellcasting
  4695 | D:6      | Reached ** piety under Okawaru
  4904 | D:6      | Reached skill level 1 in Fire Magic
  4904 | D:6      | Reached skill level 1 in Invocations
  5311 | D:7      | Noticed a boulder beetle
  5599 | D:7      | Found a snail-covered altar of Cheibriados.
  5666 | D:7      | Reached skill level 8 in Ranged Weapons
  5666 | D:7      | Reached XP level 9. HP: 52/52 MP: 17/19
  5763 | D:7      | Noticed Dowan
  5764 | D:7      | Noticed Duvessa
  5765 | D:7      | Killed Dowan
  5974 | D:7      | Noticed a troll
  6026 | D:7      | Reached *** piety under Okawaru
  6145 | D:7      | Found a hide-covered altar of Uskayaw.
  6253 | D:7      | Noticed Menkaure
  6256 | D:7      | Reached skill level 5 in Fighting
  6375 | D:7      | Killed Menkaure
  6376 | D:7      | Reached skill level 1 in Evocations
  6514 | D:7      | Killed Duvessa
  6774 | D:8      | Noticed a troll
  6777 | D:8      | Killed a troll
  6778 | D:8      | Reached skill level 9 in Ranged Weapons
  7018 | D:8      | Noticed Erica
  7039 | D:8      | HP: 2/54 [poisoned by Erica (bolt of poison)]
  7356 | D:8      | Learned a level 2 spell: Blink
  7360 | D:8      | Learned a level 3 spell: Mephitic Cloud
  7565 | D:8      | Killed Erica
  7565 | D:8      | Reached **** piety under Okawaru
  7566 | D:8      | Reached skill level 1 in Conjurations
  7566 | D:8      | Reached skill level 1 in Air Magic
  7566 | D:8      | Reached skill level 1 in Poison Magic
  7566 | D:8      | Reached XP level 10. HP: 60/60 MP: 13/21
  7677 | D:8      | Found the +0 toga "Victory" {*Victory Clar}
  7724 | D:8      | Found a runed translucent gate.
  7727 | D:8      | Found a runed translucent gate.
  7727 | D:8      | Noticed NigelTetley's ghost (novice OpTm)
  7728 | D:8      | Found a runed translucent gate.
  7880 | D:8      | Identified a scroll of acquirement
  7881 | D:8      | Acquired 545 gold pieces
  8251 | D:9      | Found a flagged portal.
  8271 | Bailey   | Entered a bailey
  8600 | Bailey   | Received a gift from Okawaru
  8681 | Bailey   | Reached ***** piety under Okawaru
  8844 | Bailey   | Noticed a gargoyle
  8849 | Bailey   | Killed a gargoyle
  8850 | Bailey   | Reached skill level 10 in Ranged Weapons
  8938 | Bailey   | Identified the +5 sling "Wygriw" {elec, rF- Str+5}
  9082 | D:9      | Noticed a two-headed ogre
  9102 | D:9      | Killed a two-headed ogre
  9189 | D:9      | Noticed a death yak
  9200 | D:9      | Killed a death yak
  9273 | D:9      | Found a staircase to the Lair.
  9274 | D:9      | Noticed a death yak
  9274 | D:9      | Noticed a death yak
  9274 | D:9      | Noticed a death yak
  9299 | D:9      | Killed a death yak
  9300 | D:9      | Reached skill level 11 in Ranged Weapons
  9301 | D:9      | Noticed a death yak
  9304 | D:9      | Killed a death yak
  9305 | D:9      | Reached XP level 11. HP: 61/66 MP: 13/23
  9349 | D:8      | Killed a death yak
  9350 | D:8      | Reached skill level 5 in Invocations
  9671 | D:9      | Received a gift from Okawaru
  9842 | D:9      | Learned a level 1 spell: Apportation
  9947 | D:9      | Killed a death yak
 10196 | D:10     | Entered Level 10 of the Dungeon
 10378 | D:10     | Reached skill level 12 in Ranged Weapons
 10521 | D:10     | Noticed a deep elf pyromancer
 10522 | D:10     | Found a runed translucent door.
 10799 | D:10     | Reached ****** piety under Okawaru
 10960 | D:10     | Found a portal to a secret trove of treasure.
 11130 | Lair:1   | Entered Level 1 of the Lair of Beasts
 11183 | Lair:1   | Noticed Nergalle
 11187 | Lair:1   | Killed Nergalle
 11198 | Lair:1   | Noticed an eight-headed hydra
 11203 | Lair:1   | Killed an eight-headed hydra
 11236 | Lair:1   | Reached skill level 10 in Hexes
 11250 | Lair:1   | Found a dark tunnel.
 11257 | Volcano  | Entered a volcano
 11508 | Volcano  | Found a burning altar of Makhleb.
 11508 | Volcano  | Noticed a salamander mystic
 11517 | Volcano  | Killed a salamander mystic
 11533 | Volcano  | Noticed a hell knight
 11548 | Volcano  | Received a gift from Okawaru
 11549 | Volcano  | Reached XP level 12. HP: 68/74 MP: 3/24
 11564 | Volcano  | Reached skill level 13 in Ranged Weapons
 12912 | Lair:2   | Reached skill level 1 in Stealth
 13003 | Lair:2   | Received a gift from Okawaru
 13228 | Lair:2   | Reached skill level 14 in Ranged Weapons
 13380 | Lair:2   | Reached skill level 10 in Dodging
 14025 | Lair:3   | Learned a level 5 spell: Silence
 14062 | Lair:3   | Noticed a four-headed hydra
 14070 | Lair:2   | Killed a four-headed hydra
 14070 | Lair:2   | Received a gift from Okawaru
 14071 | Lair:2   | Reached skill level 5 in Stealth
 14232 | Lair:3   | Noticed a five-headed hydra
 14240 | Lair:3   | Killed a five-headed hydra
 14241 | Lair:3   | Reached XP level 13. HP: 56/80 MP: 25/25
 14728 | Lair:3   | Found a hole to the Spider Nest.
 14739 | Lair:3   | Found a staircase to the Shoals.
 14817 | Lair:3   | Reached skill level 15 in Ranged Weapons
 15082 | Lair:3   | You fall into a shaft and drop 1 floor!
 15099 | Lair:4   | Identified the +1 ring mail of Xajahom {rPois rC+ Int+2}
 15115 | Lair:4   | Reached skill level 10 in Fighting
 15973 | Lair:3   | Received a gift from Okawaru
 16210 | Lair:4   | Found a runed translucent gate.
 16210 | Lair:4   | Noticed an azure jelly
 16749 | Lair:4   | Found a runed translucent gate.
 16749 | Lair:4   | Found a runed translucent gate.
 16750 | Lair:4   | Noticed an acid blob
 16751 | Lair:4   | Noticed an azure jelly
 16751 | Lair:4   | Noticed an acid blob
 16751 | Lair:4   | Noticed an acid blob
 16752 | Lair:4   | Noticed an azure jelly
 16752 | Lair:4   | Noticed Magasuts's ghost (journeyman GnFi)
 16752 | Lair:4   | Noticed an azure jelly
 16752 | Lair:4   | Noticed an azure jelly
 16752 | Lair:4   | Noticed an azure jelly
 16753 | Lair:4   | Noticed a quicksilver ooze
 16754 | Lair:4   | Noticed an azure jelly
 16799 | Lair:4   | Reached skill level 16 in Ranged Weapons
 17102 | Lair:4   | Reached XP level 14. HP: 66/88 MP: 26/26
 17172 | Lair:4   | Found a viscous altar of Jiyva.
 17317 | Lair:5   | Entered Level 5 of the Lair of Beasts
 17383 | Lair:5   | Reached skill level 1 in Armour
 17505 | Lair:5   | Found a viscous altar of Jiyva.
 17729 | Lair:5   | Found a staircase to the Slime Pits.
 17837 | Lair:5   | Reached skill level 10 in Stealth
 18321 | Lair:5   | Received a gift from Okawaru
 19490 | D:8      | Killed NigelTetley's ghost
 20596 | D:12     | Found a staircase to the Orcish Mines.
 20733 | D:12     | Reached skill level 10 in Invocations
 21172 | D:12     | Noticed Urug
 21176 | D:12     | Killed Urug
 21177 | D:12     | Reached XP level 15. HP: 96/96 MP: 27/27
 21281 | Orc:1    | Entered Level 1 of the Orcish Mines
 21310 | Orc:1    | Found a burning altar of Makhleb.
 21416 | Orc:2    | Entered Level 2 of the Orcish Mines
 21431 | Orc:2    | Noticed Snorg
 21434 | Orc:2    | Received a gift from Okawaru
 21449 | Orc:1    | Killed Snorg
 21537 | Orc:2    | Reached skill level 17 in Ranged Weapons
 21649 | Orc:2    | Found Rasmomocw's Jewellery Shop.
 21657 | Orc:2    | Paralysed by an orc sorcerer for 5 turns
 21963 | Orc:2    | Noticed Rupert
 22080 | Orc:2    | Paralysed by Rupert for 4 turns
 22306 | Orc:1    | Killed Rupert
 22894 | Orc:2    | Found a staircase to the Elven Halls.
 22967 | Orc:2    | Found Letod's Armour Shop.
 22967 | Orc:2    | Found Withrap's Antique Armour Boutique.
 22969 | Orc:2    | Found Atoewn's Antique Weapon Boutique.
 22994 | Orc:2    | Found Isiagudd's Antique Armour Shop.
 23287 | D:13     | Learned a level 4 spell: Passage of Golubria
 23327 | D:13     | Found a frozen archway.
 23338 | IceCv    | Entered an ice cave
 23400 | IceCv    | Received a gift from Okawaru
 23885 | IceCv    | Noticed a frost giant
 23900 | IceCv    | Killed a frost giant
 24466 | D:13     | Identified the +2 pair of boots of Bytyoqa {rN+ Str-3
                  | Dex+2} (Okawaru gifted it to you on level 13 of the
                  | Dungeon)
 24466 | D:13     | Received a gift from Okawaru
 24816 | D:13     | Found a gate to the Vaults.
 25449 | D:14     | Identified Roxanne's Spellbook of Shapeshifting
 25449 | D:14     | Noticed Roxanne
 25459 | D:14     | Killed Roxanne
 25460 | D:14     | Reached skill level 5 in Armour
 25474 | D:14     | Identified the ring "Omyfu" {rF+ rN+ Str+3 Int+6}
 25831 | D:14     | Found a basalt altar of Yredelemnul.
 26259 | D:15     | Entered Level 15 of the Dungeon
 26342 | D:15     | Found a staircase to the Depths.
 26365 | D:15     | Reached XP level 16. HP: 103/103 MP: 15/28
 26795 | D:15     | Received a gift from Okawaru
 26931 | D:15     | Found Gozag's Platinum Reserve.
 26938 | D:15     | Found an opulent altar of Gozag.
 27089 | D:15     | Reached skill level 18 in Ranged Weapons
 27271 | D:15     | Reached skill level 15 in Stealth
 27814 | Elf:1    | Entered Level 1 of the Elven Halls
 28205 | Elf:1    | Received a gift from Okawaru
 28422 | Elf:1    | Identified the +1 leather armour "Jucir" {rF+ rCorr}
 29502 | Elf:1    | Identified the +5 ring mail of the Trilobite {Rampage rF++
                  | Str-3 Int+3} (Okawaru gifted it to you on level 1 of the
                  | Elven Halls)
 29502 | Elf:1    | Received a gift from Okawaru
 29572 | Elf:1    | Paralysed by an air elemental for 1 turns
 29733 | Elf:1    | Found Gec Niojent's Assorted Antiques.
 29745 | Elf:1    | Bought a wand of roots (2) for 144 gold pieces
 30544 | Elf:2    | Found Adaerch's Antique Weapon Shop.
 30596 | Elf:2    | Reached XP level 17. HP: 69/110 MP: 29/29
 31177 | Elf:2    | Found a large runed translucent door.
 31177 | Elf:2    | Found a large runed translucent door.
 31203 | Elf:2    | Found a large runed translucent door.
 31203 | Elf:2    | Found a large runed translucent door.
 31590 | Elf:2    | Identified the +0 buckler of Dununeb {SInv} (Okawaru gifted
                  | it to you on level 2 of the Elven Halls)
 31590 | Elf:2    | Received a gift from Okawaru
 32415 | Elf:2    | Reached skill level 19 in Ranged Weapons
 32654 | Elf:2    | Noticed Louise
 32662 | Elf:2    | Killed Louise
 33041 | Elf:3    | Entered Level 3 of the Elven Halls
 33474 | Elf:3    | Found an ancient bone altar of Kikubaaqudgha.
 33517 | Elf:3    | Noticed Asterion
 33544 | Elf:3    | Killed Asterion
 33914 | Elf:3    | Reached skill level 5 in Evocations
 34163 | Abyss:2  | Found a corrupted altar of Lugonu.
 34163 | Abyss:2  | Cast into level 2 of the Abyss (a deep elf sorcerer)
 34365 | Abyss:2  | Found a corrupted altar of Lugonu.
 34388 | Abyss:2  | Reached skill level 15 in Dodging
 34541 | Elf:3    | Escaped the Abyss
 34829 | Elf:3    | Noticed a deep elf master archer
 34835 | Elf:3    | Killed a deep elf master archer
 34869 | Elf:3    | Noticed a deep elf master archer
 35224 | Elf:3    | Identified the +3 scimitar of Evisceration {pain, Int+2
                  | Dex+5}
 35267 | Elf:3    | Noticed a deep elf master archer
 35290 | Elf:3    | Identified the amulet "Qiotanamma" {Reflect Int+3 SH+5}
 35290 | Elf:3    | Noticed a deep elf blademaster
 35321 | Elf:3    | HP: 2/112 [deep elf blademaster/+0 rapier (20)]
 35322 | Elf:3    | Mangled by a deep elf blademaster

Illustrated notes

Levels and vault maps discovered:
D:1:      scummos_arrival_simple_crosswalls, layout_loops_ring, serial_shops,
          shop, nicolae_wormholes
D:2:      layout_basic, dreamdust_ecumenical_altar_statues, minmay_domino_4,
          uniq_crazy_yiuf_cottage
D:3:      layout_rooms, uniq_robin
D:4:      layout_loops_cross, minmay_checkerbox
D:5:      layout_loops_ring, temple_green, kennysheep_generic_room_16
D:6:      layout_basic, serial_bayou_pond_a, kennysheep_generic_room_4
D:7:      layout_loops_ring, mainiacjoe_overflow_concentric_impassable,
          kennysheep_slug_shrine, lightli_corner_chamber, uniq_duvessa,
          uniq_menkaure
D:8:      layout_cave_pods, biasface_ghost_orc_armoury, uniq_erica
D:9:      layout_loops_ring, dpeg_lair_monsters, enter_bailey_5
D:10:     layout_irregular_city, nicolae_trove_entry_path_of_doom,
          minmay_st_funbox
D:11:     layout_rooms
D:12:     layout_rooms, minmay_orc_entry_temple_large, uniq_urug
D:13:     layout_loops_corners, hangedman_vaults_entry_quadrant_bands,
          portal_ice_cave_entry_pillars_1, minmay_hedge_maze
D:14:     layout_roguey, yredelemnul_altar_generic, uniq_roxanne
D:15:     gammafunk_depths_entry_grave, layout_stronghold,
          nicolae_gozag_zags_fifth_avenue
Temple:   nicolae_temple_slightly_damp_pantheon
Lair:1:   layout_long_grid, lightli_volcano_entry_magma_tube, uniq_nergalle
Lair:2:   layout_long_grid, infiniplex_staircase_pool_2, grunt_megastairs_2
Lair:3:   layout_hall_layers, minmay_shoals_entry_beasts, dummy_spider_entry,
          special_room [special_room_mythical_zoo], pdpol_lair_cavern_descent,
          lemuel_fruit_fields, infiniplex_staircase_pool
Lair:4:   layout_gridlike, gammafunk_ghost_ooze, serial_bayou_shore_a,
          grunt_megastairs_1, serial_bayou_shore_b, lemuel_fruit_tree,
          serial_bayou_shore_b
Lair:5:   grunt_lair_end_beastmaster, layout_regular_city,
          minmay_slime_entry_oklob_enclosed
Orc:1:    layout_diamond_mine, bloody_makhleb
Orc:2:    st_orc_mages, layout_diamond_mine, serial_shops, shop, uniq_snorg,
          uniq_rupert
Elf:1:    nicolae_elf_arrival_no_cutting_in_line, layout_geoelf_octagon,
          serial_shops, shop, hangedman_elven_crosses_minicolossus,
          lemuel_flamethrower_hall
Elf:2:    elven_hall_of_blades_hangedman_alternative
          [nicolae_blade_entry_splitting_headache], layout_loops_corners,
          serial_shops, shop, uniq_louise
Elf:3:    minmay_elf_hall_furrowed, layout_geoelf_octagon, basic_altar,
          uniq_asterion

Skill      XL: |  1  2  3  4  5  6  7  8  9 10 11 12 13 14 15 16 17 |
---------------+----------------------------------------------------+-----
Fighting       | 1 2 3 4 5 6 8 9 10 11 12 13 14 | 14.7
Ranged Weapons | 3 4 5 6 8 9 11 12 14 16 17 18 19 | 19.5
Spellcasting   | 2 3 4 5 6 7 |  7.0
Dodging        | 3 4 5 6 7 9 10 11 12 13 14 15 | 15.2
Hexes          | 5 6 7 9 10 11 12 | 12.2
Translocations | 1 2 3 |  3.0
Fire Magic     | 1 2 |  2.0
Invocations    | 1 3 4 6 7 8 10 11 12 | 12.0
Evocations     | 2 3 5 |  5.0
Conjurations   | 1 2 |  2.0
Air Magic      | 1 2 |  2.0
Poison Magic   | 1 2 |  2.0
Stealth        | 5 9 12 14 16 17 | 17.0
Armour         | 3 5 6 7 |  7.8

Action                     |  1- 3 |  4- 6 |  7- 9 | 10-12 | 13-15 | 16-18 || total
---------------------------+-------+-------+-------+-------+-------+-------++-------
   Fire: Sling             |    74 |   117 |       |       |       |       ||   191
         Orcbow            |       |    35 |   244 |   483 |  1220 |   714 ||  2696
  Throw: Throwing net      |       |       |       |       |     1 |       ||     1
   Cast: Slow              |     1 |    13 |    26 |     6 |       |       ||    46
         Portal Projectile |       |       |     5 |     7 |    12 |    12 ||    36
         Inner Flame       |       |       |     1 |       |       |       ||     1
         Cause Fear        |       |       |     2 |       |       |       ||     2
         Blink             |       |       |       |     3 |    27 |    17 ||    47
         Mephitic Cloud    |       |       |       |     1 |     4 |       ||     5
         Passage of Golubr |       |       |       |       |     1 |       ||     1
 Invoke: Heroism           |       |       |       |     1 |     3 |    16 ||    20
         Finesse           |       |       |       |     1 |     1 |     7 ||     9
  Evoke: Wand              |       |       |       |     1 |       |       ||     1
    Use: Scroll            |     3 |     8 |     8 |     7 |     2 |     1 ||    29
         Potion            |       |       |     2 |       |       |       ||     2
 Armour: Robe              |     5 |    25 |    23 |    54 |   101 |    49 ||   257
  Dodge: Dodged            |    17 |    56 |   107 |   188 |   465 |   284 ||  1117
  Block: Other             |       |    16 |    46 |    65 |    93 |    53 ||   273
         Reflection        |       |       |     6 |     2 |     6 |    19 ||    33

Table legend: (Time is in decaauts)
 A = Elapsed time spent in this place.
 B = Non-inter-level travel time spent in this place.
 C = Inter-level travel time spent in this place.
 D = Time resting spent in this place.
 E = Time spent auto-exploring this place.
 F = Levels seen in this place.
 G = Mean time per level.
                   A        B        C        D        E       F      G
               +--------+--------+--------+--------+--------+-----+--------+
         Total |  35890 |  34060 |   1830 |   6328 |  17516 |  30 | 1196.3 |
       Dungeon |  16431 |  15310 |   1121 |   1928 |   9478 |  15 | 1095.4 |
        Temple |    194 |    170 |     24 |      0 |    144 |   1 |  194.0 |
          Lair |   7444 |   7081 |    363 |   1250 |   4103 |   5 | 1488.8 |
  Orcish Mines |   2085 |   1978 |    107 |    776 |    725 |   2 | 1042.5 |
   Elven Halls |   6921 |   6707 |    214 |   1827 |   2501 |   3 | 2307.0 |
         Abyss |    376 |    376 |      0 |     33 |      0 |   1 |  376.0 |
        Bailey |    777 |    777 |      0 |    232 |     35 |   1 |  777.0 |
      Ice Cave |    796 |    796 |      0 |    140 |    237 |   1 |  796.0 |
       Volcano |    862 |    862 |      0 |    141 |    293 |   1 |  862.0 |
               +--------+--------+--------+--------+--------+-----+--------+

Top non-repeatable levels by time:
   Elf:2: 3178 daAuts
   Elf:3: 1913 daAuts
  Lair:5: 1833 daAuts
   Elf:1: 1829 daAuts
     D:7: 1763 daAuts
     D:8: 1702 daAuts
  Lair:3: 1621 daAuts
  Lair:2: 1547 daAuts
    D:13: 1536 daAuts
    D:15: 1462 daAuts
  Lair:4: 1444 daAuts
   Orc:2: 1245 daAuts
     D:9: 1179 daAuts
     D:6: 1156 daAuts
    D:10: 1125 daAuts
